 Dungeon Crawl Stone Soup version 0.14-a0-2848-g1d0399b (webtiles) character file.

352 Junicave the Digger (level 5, -5/28 HPs)
             Began as a Gargoyle Earth Elementalist on Feb 27, 2014.
             Killed by divine providence
             ... invoked by an orc priest
              (10 damage)
             ... on Level 3 of the Dungeon.
             The game lasted 00:27:49 (3451 turns).

Junicave the Digger (Gargoyle Earth Elementalist)   Turns: 3451, Time: 00:27:50

HP  -5/28        AC  8     Str 11      XL: 5   Next: 59%
MP  11/11        EV 12     Int 17      God:
Gold 173         SH  0     Dex 10      Spells:  3 memorised,  4 levels left

rFire  . . .     SeeInvis .     q - +1 flail
rCold  . . .     Clarity  .     B - +0 orc robe (curse)
rNeg   + . .     Conserve .     (no shield)
rPois  +         rCorr    .     (no helmet)
rElec  +         rRot     +     (no cloak)
SustAb . .       Spirit   .     (no gloves)
rMut   .         Warding  .     (no boots)
Gourm  +         Stasis   .     D - amulet of the gourmand
MR     .....                    (no ring)
                                g - +2 ring of protection

@: not resistant to hostile enchantments, fairly stealthy
A: life protection 1, electricity resistance, unbreathing, petrification
resistance, AC +4
a: no special abilities


You were on level 3 of the Dungeon.
You were very full.

You visited 1 branch of the dungeon, and saw 3 of its levels.

You collected 173 gold pieces.

Inventory:

Hand weapons
 i - a +0,+0 dagger
 n - a +0,+0 dagger
 q - a +1,+1 flail (weapon)
 v - a +0,+0 mace
Missiles
 b - 113 stones (quivered)
 s - 26 arrows
Armour
 c - a +0 robe
 y - a +0 orcish leather armour
 B - a cursed +0 orcish robe (worn)
 F - a +0 orcish leather armour
Comestibles
 a - 2 bread rations
 u - a choko
Scrolls
 e - 2 scrolls of enchant armour {unknown}
 f - a scroll of blinking {unknown}
 l - a scroll of enchant weapon I {unknown}
 o - 2 scrolls of remove curse {unknown}
 p - 7 scrolls of identify {unknown}
 t - a scroll of curse armour {unknown}
 w - 2 scrolls of enchant weapon II {unknown}
 x - a scroll of teleportation {unknown}
 A - a scroll of random uselessness {unknown}
 C - a scroll of amnesia {unknown}
Jewellery
 g - a +2 ring of protection (left hand)
 D - an amulet of the gourmand (around neck)
Potions
 h - a potion of paralysis {unknown}
 j - 2 potions of curing {unknown}
 k - a potion of agility {unknown}
 m - 2 potions of speed {unknown}
 r - a potion of restore abilities {unknown}
 z - 2 potions of lignification {unknown}
 E - a potion of might {unknown}
Books
 d - a book of Geomancy

   Spells                             Type                      Level
   *Sandblast                         Earth                        1
   *Stoneskin                         Transmutation/Earth          2
   Passwall                           Transmutation/Earth          3
   *Stone Arrow                       Conjuration/Earth            3
   Petrify                            Transmutation/Earth          4
   Lee's Rapid Deconstruction         Earth                        5


   Skills:
 + Level 0.2 Fighting
 + Level 0.4 Maces & Flails
 - Level 1.5 Dodging
 + Level 2.5 Stealth
 + Level 3.0 Spellcasting
 + Level 0.7 Conjurations
 - Level 0.7 Transmutations
 * Level 6.2 Earth Magic


You had 4 spell levels left.
You knew the following spells:

 Your Spells              Type           Power        Failure   Level  Hunger
a - Sandblast             Erth           ###...       1%          1    None
b - Stoneskin             Trmt/Erth      ##........   10%         2    ##.....
c - Stone Arrow           Conj/Erth      ##....       14%         3    ###....


Dungeon Overview and Level Annotations

Branches:
Dungeon (3/16)

Altars:


Innate Abilities, Weirdness & Mutations

You are resistant to torment.
You are immune to poison.
Your stone body is very resilient (AC +4).
You resist negative energy.
You are resistant to electric shocks.
You can survive without breathing.
You are immune to petrification.


Message History

Aim: an orc, wielding a club and wearing an orcish leather armour (hasn't noticed you)
The stone arrow hits the orc.
You kill the orc!
Things that are here:
a club; an orcish leather armour
F - an orcish leather armour An orc and an orc priest come into view.
The orc priest shouts!
The orc priest becomes somewhat translucent.
The orc priest calls down the wrath of Beogh upon you.
Something smites you!
The orc shouts!
The orc priest moves out of view.
The orc priest mumbles some strange prayers to Beogh against you.
Something smites you!
Ouch! That really hurt!
* * * LOW HITPOINT WARNING * * *
The orc priest mumbles some strange prayers to Beogh against you.
Something smites you!
You die...

........# #.#.#
#....##.# #.#.#
....###.# #.#.#
{o......######.#.#
.##.(........#.#.#
.##......###.#.#.#
.##..<...# #.#.#.#
.##......###.#.#.#
.####+#..#...#.#@#
## #.#..#.###.#.#
# #.#..#.# #.#.# #
#.#..#.# #.#.#
#####.#..#.# #.#o#
.........#.# #.#.#
.......>.#.# #.#.#
#####.####.# #.#.#
....#......#
#.#o######


You could see an orc priest and an orc.

Vanquished Creatures
  An orc wizard (D:3)
  A hound zombie (D:3)
  4 gnolls (D:3)
  3 adders
  A worm (D:2)
  3 giant geckos
  2 orcs
  7 goblins
  10 hobgoblins
  4 jackals (D:3)
  2 ball pythons
  7 bats
  5 giant cockroaches
  4 giant newts
  6 kobolds
  6 rats
66 creatures vanquished.

Notes
Turn   | Place    | Note
--------------------------------------------------------------
     0 | D:1      | Junicave, the Gargoyle Earth Elementalist, began the quest for the Orb.
     0 | D:1      | Reached XP level 1. HP: 10/10 MP: 3/3
    75 | D:1      | Reached skill level 4 in Earth Magic
   223 | D:1      | Reached XP level 2. HP: 15/15 MP: 1/4
   452 | D:1      | Learned a level 2 spell: Stoneskin
   909 | D:1      | Reached XP level 3. HP: 19/19 MP: 1/6
  1150 | D:2      | Learned a level 3 spell: Stone Arrow
  1713 | D:2      | Reached skill level 5 in Earth Magic
  1861 | D:3      | Reached XP level 4. HP: 17/24 MP: 0/8
  2788 | D:3      | Reached XP level 5. HP: 10/28 MP: 0/10
  3137 | D:3      | Reached skill level 6 in Earth Magic
  3451 | D:3      | Killed from afar by an orc priest

Action                   |  1- 3 |  4- 6 || total
-------------------------+-------+-------++-------
Melee: Unarmed           |    15 |       ||    15
       Dagger            |    65 |     9 ||    74
       Flail             |       |    39 ||    39
 Cast: Sandblast         |    53 |    32 ||    85
       Stoneskin         |     5 |     6 ||    11
       Stone Arrow       |     6 |    13 ||    19
